 Dungeon Sprint DCSS version 0.23.2-40-g277498a001 (webtiles) character file.

Game seed: 7977330045763785942

7200000 Kniotic the Ninja (level 27, -11/249 HPs)
             Began as a Demonspawn Monk on Sept 25, 2019.
             Was the Champion of Makhleb.
             Killed from afar by a large bag of meat (28 damage)
             ... with an exploding inner flame
             ... in the Dungeon (Sprint VIII: "Arena of Blood").
             The game lasted 00:02:53 (72 turns).

Kniotic the Ninja (Demonspawn Monk)                   Turns: 72, Time: 00:02:55

Health: -11/249    AC:  4    Str: 13    XL:     27
Magic:  17/54      EV: 40    Int: 14    God:    Makhleb [******]
Gold:   0          SH:  0    Dex: 31    Spells: 80/80 levels left

rFire    . . .     SeeInvis .   i - +∞ Axe of Woe
rCold    + . .     Gourm    .   (shield currently unavailable)
rNeg     . . .     Faith    .   a - +0 robe
rPois    .         Spirit   .   (helmet unavailable)
rElec    .         Reflect  .   (no cloak)
rCorr    .         Harm     .   (no gloves)
MR       ++...     NoTele   +   (no boots)
Stlth    ++++++++++             (no amulet)
HPRegen  10.51/turn             (no ring)
MPRegen  0.34/turn              (no ring)

@: no status effects
A: horns 3, thin skeletal structure 3, cold resistance 1, demonic guardian 3,
passive freeze, powered by death 3, freezing cloud immunity
a: Minor Destruction, Lesser Servant of Makhleb, Major Destruction, Greater
Servant of Makhleb, Renounce Religion


You were in the Dungeon.
You worshipped Makhleb.
Makhleb was exalted by your worship.
You were not hungry.

You visited 1 branch

Inventory:

Hand Weapons
 i - the +∞ Axe of Woe (weapon)
   (You found it in the Dungeon)
Armour
 a - a +0 robe (worn)
Scrolls
 h - a scroll of blinking
Potions
 c - a potion of curing
 d - a potion of heal wounds
 e - a potion of haste
 f - 2 potions of magic
 g - a potion of berserk rage
Comestibles
 b - a ration


   Skills:
 O Level 27 Fighting
 O Level 27 Axes
 O Level 27 Throwing
 O Level 27 Armour
 O Level 27 Dodging
 O Level 27 Stealth
 O Level 27 Unarmed Combat
 O Level 27 Spellcasting
 O Level 27 Invocations


You had 80 spell levels left.
You didn't know any spells.
Your spell library was empty.

Dungeon Overview and Level Annotations

Branches:
Dungeon (1/1)

Altars:
Makhleb


Innate Abilities, Weirdness & Mutations

You have a pair of large horns on your head.
You have an unnaturally thin skeletal structure. (Dex +6, Stealth++)
Your flesh is cold resistant. (rC+)
A powerful demonic guardian rushes to your aid.
A frigid envelope surrounds you and freezes all who hurt you.
You regenerate a lot of health from kills.
You are immune to freezing clouds.


Message History

You hear a shout!
The accursed casts a spell at you. Something smites you!
* * * LOW HITPOINT WARNING * * *
The bag of meat hits you with a +9 war axe.
* * * LOW HITPOINT WARNING * * *
You hear a shout! x2
The bag of meat hits your balrug with a +9 war axe!
The large abomination misses your balrug.
You hear a shout!
The bag of meat hits you with a +9 war axe!!
* * * LOW HITPOINT WARNING * * *
The bag of meat is very cold.
The bag of meat is lightly wounded.
You hear a shout! x2; The eight-headed meat hydra roars!
You hit the large bag of meat but do no damage.
You chop the large bag of meat into pieces.
The large bag of meat explodes!
The fiery explosion engulfs you!!
You die...

.......###)).....###.
..........#)).....#
...........#))M....#
..#.......))))..%...
#.#.#...)))))......
#.#.W.))X)M.......
#.#.o)2oD.%......
..#.#§ooV.#...%%...#
.....§§@O..........#
##...§§§.##.#.......
##....%............
.....####....#.....
##... ......... ###
...... . ......=
######


You could see 2 accurseds, an eight-headed meat hydra, a destroyer, a large
abomination (burning), a dread, a meat berserker (berserk), 4 bags of meat and a
friendly balrug.

Vanquished Creatures
  A hell beast (D)
  A greater mummy (D)
  A wraith (D)
  15 vampire knights (D)
  27 ogres (D)
  3 two-headed ogres (D)
  3 liches (D)
  2 hydras (D)
  51 orcs (D)
  4 skeletal warriors (D)
  6 large abominations (D)
  2 small abominations (D)
  4 crawling corpses (D)
120 creatures vanquished.

Notes
Turn   | Place    | Note
-------+----------+-------------------------------------------
     0 | D        | Found the +∞ Axe of Woe
     0 | D        | Kniotic the Demonspawn Monk began the quest for the Orb.
     0 | D        | Reached XP level 1. HP: 18/18 MP: 1/1
     2 | D        | Noticed a bag of meat
     4 | D        | Became a worshipper of Makhleb the Destroyer
     4 | D        | Reached * piety under Makhleb
     4 | D        | Reached ** piety under Makhleb
     7 | D        | Noticed a bag of meat
     7 | D        | Noticed a bag of meat
     7 | D        | Noticed a bag of meat
     8 | D        | Killed a bag of meat
     8 | D        | Reached skill level 10 in Dodging
     8 | D        | Reached skill level 10 in Unarmed Combat
     8 | D        | Gained mutation: You have a pair of small horns on your
                  | head. [demonic ancestry]
     8 | D        | Reached XP level 2. HP: 37/37 MP: 1/12
     8 | D        | Reached XP level 3. HP: 43/43 MP: 1/14
     8 | D        | Reached XP level 4. HP: 50/50 MP: 1/15
     8 | D        | Gained mutation: A weak demonic guardian rushes to your
                  | aid. [demonic ancestry]
     8 | D        | Reached XP level 5. HP: 55/55 MP: 1/17
     8 | D        | Reached XP level 6. HP: 62/62 MP: 1/18
     8 | D        | Reached XP level 7. HP: 68/68 MP: 1/20
     8 | D        | Reached XP level 8. HP: 75/75 MP: 1/21
     8 | D        | Reached XP level 9. HP: 81/81 MP: 1/22
     8 | D        | Gained mutation: You have a pair of horns on your head.
                  | [demonic ancestry]
     8 | D        | Reached XP level 10. HP: 87/87 MP: 1/23
     8 | D        | Reached XP level 11. HP: 93/93 MP: 1/24
     8 | D        | Noticed a meat berserker
     8 | D        | Noticed a bag of meat
     8 | D        | Noticed a bag of meat
     8 | D        | Noticed a bag of meat
     9 | D        | Noticed a bag of meat
     9 | D        | Noticed a bag of meat
    10 | D        | Noticed a bag of meat
    10 | D        | Noticed a bag of meat
    10 | D        | Noticed a meat berserker
    10 | D        | Noticed a bag of meat
    11 | D        | Killed a bag of meat
    11 | D        | Gained mutation: You have a somewhat thin skeletal
                  | structure. (Dex +2, Stealth) [demonic ancestry]
    11 | D        | Reached XP level 12. HP: 103/103 MP: 1/27
    11 | D        | Killed a bag of meat
    11 | D        | Gained mutation: You have a pair of large horns on your
                  | head. [demonic ancestry]
    11 | D        | Reached XP level 13. HP: 111/111 MP: 1/29
    11 | D        | Noticed a meat berserker
    11 | D        | Noticed a large bag of meat
    11 | D        | Noticed a bag of meat
    12 | D        | Killed a meat berserker
    12 | D        | Reached *** piety under Makhleb
    12 | D        | Reached skill level 15 in Fighting
    12 | D        | Reached skill level 15 in Stealth
    12 | D        | Gained mutation: You have a moderately thin skeletal
                  | structure. (Dex +4, Stealth+) [demonic ancestry]
    12 | D        | Reached XP level 14. HP: 123/123 MP: 2/32
    12 | D        | Noticed a bag of meat
    13 | D        | Killed a bag of meat
    13 | D        | Gained mutation: A demonic guardian rushes to your aid.
                  | [demonic ancestry]
    13 | D        | Reached XP level 15. HP: 131/131 MP: 2/33
    13 | D        | Reached skill level 15 in Axes
    13 | D        | Reached skill level 15 in Throwing
    13 | D        | Reached skill level 15 in Armour
    13 | D        | Reached skill level 15 in Dodging
    13 | D        | Reached skill level 15 in Unarmed Combat
    13 | D        | Reached skill level 15 in Spellcasting
    14 | D        | Killed a meat berserker
    14 | D        | Reached **** piety under Makhleb
    14 | D        | Gained mutation: You regenerate a little health from kills.
                  | [demonic ancestry]
    14 | D        | Reached XP level 16. HP: 143/143 MP: 2/36
    14 | D        | Reached ***** piety under Makhleb
    14 | D        | Reached XP level 17. HP: 153/153 MP: 2/38
    14 | D        | Noticed a meat berserker
    16 | D        | Noticed a meat berserker
    17 | D        | Killed a meat berserker
    17 | D        | Gained mutation: Your flesh is cold resistant. (rC+)
                  | [demonic ancestry]
    17 | D        | Reached XP level 18. HP: 166/166 MP: 3/42
    17 | D        | Noticed a meat berserker
    18 | D        | Killed a large bag of meat
    18 | D        | Gained mutation: You regenerate health from kills. [demonic
                  | ancestry]
    18 | D        | Reached XP level 19. HP: 178/178 MP: 3/44
    18 | D        | Noticed a meat berserker
    19 | D        | Killed a meat berserker
    19 | D        | Reached ****** piety under Makhleb
    19 | D        | Gained mutation: You regenerate a lot of health from kills.
                  | [demonic ancestry]
    19 | D        | Reached XP level 20. HP: 190/190 MP: 4/47
    19 | D        | Noticed a meat berserker
    19 | D        | Noticed a meat berserker
    20 | D        | Noticed a meat berserker
    21 | D        | Noticed a large bag of meat
    21 | D        | Noticed a meat berserker
    22 | D        | Killed a meat berserker
    22 | D        | Noticed a destroyer
    23 | D        | Killed a meat berserker
    23 | D        | Reached XP level 21. HP: 203/203 MP: 5/50
    23 | D        | Reached skill level 27 in Fighting
    23 | D        | Reached skill level 27 in Stealth
    24 | D        | Reached skill level 27 in Axes
    24 | D        | Reached skill level 27 in Throwing
    24 | D        | Reached skill level 27 in Armour
    24 | D        | Reached skill level 27 in Dodging
    24 | D        | Reached skill level 27 in Unarmed Combat
    24 | D        | Reached skill level 27 in Spellcasting
    24 | D        | Reached XP level 22. HP: 212/212 MP: 5/53
    25 | D        | Reached skill level 27 in Invocations
    26 | D        | Noticed a destroyer
    26 | D        | Noticed a destroyer
    26 | D        | Noticed a destroyer
    27 | D        | Killed a destroyer
    27 | D        | Gained mutation: You are immune to freezing clouds.
                  | [demonic ancestry]
    27 | D        | Reached XP level 23. HP: 219/219 MP: 6/54
    27 | D        | Noticed a destroyer
    28 | D        | Killed a large bag of meat
    29 | D        | Gained mutation: A powerful demonic guardian rushes to your
                  | aid. [demonic ancestry]
    29 | D        | Reached XP level 24. HP: 227/227 MP: 6/54
    29 | D        | Noticed a destroyer
    30 | D        | Noticed a destroyer
    30 | D        | Noticed a destroyer
    30 | D        | Noticed a large bag of meat
    30 | D        | Noticed a destroyer
    33 | D        | Killed a destroyer
    33 | D        | Gained mutation: You have an unnaturally thin skeletal
                  | structure. (Dex +6, Stealth++) [demonic ancestry]
    33 | D        | Reached XP level 25. HP: 234/234 MP: 7/54
    35 | D        | Killed a large bag of meat
    35 | D        | Killed a destroyer
    36 | D        | Killed a destroyer
    36 | D        | Gained mutation: A frigid envelope surrounds you and
                  | freezes all who hurt you. [demonic ancestry]
    36 | D        | Reached XP level 26. HP: 242/242 MP: 8/54
    40 | D        | Killed a destroyer
    40 | D        | Reached XP level 27. HP: 249/249 MP: 9/54
    40 | D        | Killed a destroyer
    41 | D        | Killed a destroyer
    42 | D        | Killed a destroyer
    42 | D        | Noticed a destroyer
    45 | D        | Killed a destroyer
    45 | D        | Noticed a destroyer
    46 | D        | Noticed a tyrant
    47 | D        | Noticed a tyrant
    49 | D        | Killed a destroyer
    50 | D        | Noticed a tyrant
    51 | D        | Noticed an accursed
    51 | D        | Killed a destroyer
    51 | D        | Noticed a destroyer
    53 | D        | Noticed a destroyer
    54 | D        | Noticed an accursed
    54 | D        | Killed an accursed
    54 | D        | Noticed a destroyer
    56 | D        | Killed a tyrant
    56 | D        | Noticed an accursed
    57 | D        | Killed a destroyer
    58 | D        | Killed a tyrant
    58 | D        | Noticed a meat beast
    58 | D        | Noticed a destroyer
    59 | D        | Killed a destroyer
    59 | D        | Killed a tyrant
    62 | D        | Killed a meat beast
    62 | D        | Killed a destroyer
    65 | D        | Noticed a dread
    66 | D        | Killed a destroyer
    67 | D        | Noticed a meat beast
    67 | D        | Noticed a destroyer
    67 | D        | Noticed a large bag of meat
    69 | D        | Noticed a dread
    69 | D        | Killed a dread
    72 | D        | Killed a large bag of meat
    72 | D        | Killed from afar by a large bag of meat

Skill      XL: |  1  2  3  4  5  6  7  8  9 10 11 12 13 14 15 16 17 18 19 20 21 22 |
---------------+-------------------------------------------------------------------+-----
Fighting       | 11 12 13 15 16 17 19 21 23 24 26 27 | 27.0
Axes           | 9 11 12 13 14 16 17 20 21 23 25 27 | 27.0
Throwing       | 9 11 12 14 16 17 20 21 23 25 27 | 27.0
Armour         | 9 11 12 14 16 18 20 21 23 25 27 | 27.0
Dodging        | 10 11 12 14 16 18 20 21 23 25 27 | 27.0
Stealth        | 11 12 13 15 16 18 19 21 23 24 26 27 | 27.0
Unarmed Combat | 10 11 12 14 16 18 20 21 23 25 27 | 27.0
Spellcasting   | 9 11 12 14 16 17 20 21 23 25 27 | 27.0
Invocations    | 7 27 | 27.0

Action                   |  1- 3 |  4- 6 |  7- 9 | 10-12 | 13-15 | 16-18 | 19-21 | 22-24 | 25-27 || total
-------------------------+-------+-------+-------+-------+-------+-------+-------+-------+-------++-------
Melee: Executioner's axe |     1 |       |       |     1 |     3 |     4 |     5 |     7 |    32 ||    53
 Stab: Distracted        |       |       |       |       |       |     1 |       |     1 |     1 ||     3
Dodge: Dodged            |       |       |       |       |     1 |     1 |       |       |     3 ||     5
